 Dungeon Crawl Stone Soup version 0.21-a0-2-ge494091 (webtiles) character file.

12558 kuniqs the Shield-Bearer (level 11, -6/58 HPs)
             Began as a Vine Stalker Fighter on May 22, 2017.
             Was a Follower of Uskayaw.
             Killed from afar by a gargoyle (20 damage)
             ... with a stone arrow
             ... on level 10 of the Dungeon.
             The game lasted 00:15:08 (8530 turns).

kuniqs the Shield-Bearer (Vine Stalker Fighter)     Turns: 8530, Time: 00:15:09

Health: -6/58      AC: 15    Str: 21      XL:     11   Next: 95%
Magic:  0/16       EV:  8    Int:  8      God:    Uskayaw [*.....]
Gold:   156        SH: 11    Dex: 14 (15) Spells: 10/10 levels left

rFire    . . .     SeeInvis .   s - +2 short sword (elec)
rCold    . . .     Gourm    .   I - +0 shield
rNeg     . . .     Faith    .   y - +0 plate armour
rPois    .         Spirit   +   (helmet restricted)
rElec    .         Reflect  .   (no cloak)
rCorr    .         Harm     .   H - +0 pair of gloves
MR       +....                  q - +0 pair of boots
Stlth    ..........             (no amulet)
Regen    0.6/turn               (no ring)
MPRegen  0.2/turn               (no ring)

@: no status effects
A: fangs 3, horns 1, talons 1, deterioration 1, regeneration 1, magic shield,
antimagic bite, no potion heal 3, rot immunity
a: Stomp, Renounce Religion


You were on level 10 of the Dungeon.
You worshipped Uskayaw.
Uskayaw was noncommittal.
You were not hungry.

You visited 1 branch of the dungeon, and saw 10 of its levels.

You collected 576 gold pieces.
You spent 420 gold pieces at shops.

Inventory:

Hand Weapons
 c - a +2 rapier of flaming
 s - a +2 short sword of electrocution (weapon)
Missiles
 n - 4 throwing nets (quivered)
Armour
 q - a +0 pair of boots (worn)
 y - a +0 plate armour (worn)
 H - a +0 pair of gloves (worn)
 I - a +0 shield (worn)
Wands
 K - a wand of polymorph (7/24)
 L - a wand of paralysis (11/24)
Scrolls
 b - a scroll of blinking
 j - a scroll of identify {@r1}
 l - 3 scrolls of recharging
 t - 4 scrolls of magic mapping
 v - 4 scrolls of amnesia
 w - 5 scrolls of teleportation
 C - 2 scrolls of enchant weapon
 D - 2 scrolls of remove curse {@r2}
 J - 4 scrolls of immolation
 M - 3 scrolls of enchant armour
Potions
 h - a potion of cancellation
 i - 5 potions of curing {@q1}
 k - 3 potions of ambrosia
 m - a potion of lignification
 o - 3 potions of haste
 p - 3 potions of magic
 x - a potion of mutation
 z - 2 potions of flight
 A - a potion of might
 B - a potion of agility
Comestibles
 a - a royal jelly
 d - 9 bread rations
 e - 7 meat rations
 f - 7 fruits
 g - 3 chunks of flesh


   Skills:
 + Level 7.6 Fighting
 + Level 7.6 Short Blades
 + Level 7.0 Armour
 + Level 6.4 Dodging
 + Level 7.9 Shields
 + Level 6.6 Invocations


You had 10 spell levels left.
You didn't know any spells.

Dungeon Overview and Level Annotations

Branches:
Dungeon (10/15)            Temple (0/1) D:5            Lair (0/6) D:9
    Orc: D:9-12

Altars:
Dithmenos
Elyvilon
Fedhas
Gozag
Kikubaaqudgha
Makhleb
Okawaru
Ru
Trog
Uskayaw
Vehumet
Wu Jian
Yredelemnul
The Shining One

Shops:
D:8 ?

Annotations:
D:2 1 runed door


Innate Abilities, Weirdness & Mutations

You have razor-sharp teeth.
Your natural rate of healing is unusually fast.
When hurt, damage is shared between your health and your magic reserves.
Your bite disrupts and absorbs the magic of your enemies.
Potions cannot restore your health.
You are immune to rotting.
You have a pair of small horns on your head.
You have sharp toenails.
Your body sometimes deteriorates upon taking damage.


Message History

The gargoyle easily resists.
This wand has 16 charges left.
The gargoyle hits you with a morningstar!
* * * LOW HITPOINT WARNING * * *
Aim: a gargoyle, wielding a morningstar (moderately damaged, chance to defeat MR: 28%)
The gargoyle easily resists.
This wand has 15 charges left.
You block the gargoyle's attack.
Aim: a gargoyle, wielding a morningstar (moderately damaged, chance to defeat MR: 28%)
The gargoyle easily resists.
This wand has 14 charges left.
You block the gargoyle's attack.
Aim: a gargoyle, wielding a morningstar (moderately damaged, chance to defeat MR: 28%)
The gargoyle easily resists.
This wand has 13 charges left.
Aim: a gargoyle, wielding a morningstar (moderately damaged, chance to defeat MR: 28%)
The gargoyle easily resists.
This wand has 12 charges left.
The gargoyle hurls a stone arrow at you.
You block the stone arrow.
Aim: a gargoyle, wielding a morningstar (moderately damaged, chance to defeat MR: 28%)
The gargoyle easily resists.
This wand has 11 charges left.
The gargoyle hurls a stone arrow at you.
The stone arrow hits you!
You die...

.........###.#......#
.............#......#
.........#####......#
.................#..#
......)..........#.##
.......###.........#
.......#####.....###
........)###...9.#
.#.#.#.....#....@######
.......###....>.......#
.#.#.#.# ###..........#
.......### #..........#
.#.#.#...###..........#
......................##
#####.....##.....###...###
#.........#..#.#...#.....###
#.######..#<.......#..##...#


You could see a gargoyle.

Vanquished Creatures
  4 two-headed ogres
  Nergalle (D:10)
  An unseen horror (D:10)
  Pikel (D:6)
  A centaur skeleton (D:10)
  A troll (D:9)
  The ghost of kraktruk the Ruffian, an amateur DrTm of Cheibriados (D:6)
  2 hippogriffs
  A wraith (D:10)
  9 yaks (D:9)
  3 basilisks (D:9)
  3 vampire mosquitoes (D:10)
  3 porcupines (D:9)
  3 sky beasts (D:8)
  3 orc warriors
  2 ice beasts
  A slave (D:6)
  A hornet zombie (D:8)
  5 ogres
  A necrophage (D:6)
  5 centaurs
  6 bullfrogs
  2 gnoll sergeants
  A wyvern skeleton (D:7)
  12 killer bees
  3 wights (D:9)
  A howler monkey (D:7)
  4 crimson imps
  A bullfrog zombie (D:6)
  A centaur zombie (D:5)
  2 jellies (D:6)
  4 bullfrog skeletons
  6 hounds
  3 orc priests
  20 orc wizards
  3 iguanas
  Natasha (thrice) (D:4)
  6 worker ants
  A hound zombie (D:9)
  A hound skeleton (D:6)
  A worker ant zombie (D:6)
  8 adders
  14 gnolls
  2 shadow imps (D:7)
  An ooze (D:7)
  2 adder skeletons (D:7)
  3 worms
  3 dart slugs
  5 leopard geckos
  45 orcs
  7 giant cockroaches
  16 goblins
  6 hobgoblins
  11 jackals
  5 quokkas
  A ball python (D:3)
  8 bats
  5 frilled lizards
  2 jackal skeletons
  A jackal zombie (D:6)
  7 kobolds
  A quokka skeleton (D:4)
  4 rats
290 creatures vanquished.

Vanquished Creatures (others)
  A wizard (D:7)
  A sky beast (D:10)
2 creatures vanquished.

Grand Total: 292 creatures vanquished

Notes
Turn   | Place    | Note
-------+----------+-------------------------------------------
     0 | D:1      | kuniqs the Vine Stalker Fighter began the quest for the Orb.
     0 | D:1      | Reached XP level 1. HP: 11/11 MP: 2/2
   221 | D:1      | Reached XP level 2. HP: 15/16 MP: 3/3
   876 | D:2      | Reached skill level 1 in Dodging
   876 | D:2      | Reached XP level 3. HP: 19/19 MP: 4/4
  1091 | D:2      | Gained mutation: Your natural rate of healing is unusually fast. [Vine Stalker growth]
  1091 | D:2      | Reached XP level 4. HP: 20/23 MP: 5/5
  1396 | D:2      | Found a runed door.
  1970 | D:3      | Found a glowing golden altar of the Shining One.
  2183 | D:3      | Reached XP level 5. HP: 28/28 MP: 6/6
  2477 | D:4      | Noticed Natasha
  2486 | D:4      | Killed Natasha
  2486 | D:4      | Reached XP level 6. HP: 22/32 MP: 4/7
  2534 | D:4      | Noticed Natasha
  2540 | D:4      | Killed Natasha
  2577 | D:4      | Reached XP level 7. HP: 37/37 MP: 8/8
  2772 | D:4      | Noticed Natasha
  2779 | D:4      | Killed Natasha
  3401 | D:5      | Entered Level 5 of the Dungeon
  3562 | D:5      | Gained mutation: You have razor-sharp teeth. [Vine Stalker growth]
  3562 | D:5      | Reached XP level 8. HP: 42/42 MP: 7/9
  3576 | D:5      | Found a basalt altar of Yredelemnul.
  3593 | D:5      | Found an iron altar of Okawaru.
  3594 | D:5      | Found a hide-covered altar of Uskayaw.
  3594 | D:5      | Found an ornate altar of the Wu Jian Council.
  3596 | D:5      | Found a shadowy altar of Dithmenos.
  3602 | D:5      | Became a worshipper of Uskayaw the Reveler
  3621 | D:5      | Reached * piety under Uskayaw
  3668 | D:5      | Reached ** piety under Uskayaw
  3700 | D:5      | Found a staircase to the Ecumenical Temple.
  3783 | D:5      | Reached *** piety under Uskayaw
  3785 | D:5      | Reached **** piety under Uskayaw
  4002 | D:6      | Reached skill level 1 in Invocations
  4271 | D:6      | Reached skill level 5 in Shields
  4319 | D:6      | Reached skill level 5 in Fighting
  4354 | D:6      | Noticed Pikel
  4371 | D:6      | Killed Pikel
  4371 | D:6      | Reached XP level 9. HP: 47/47 MP: 10/12
  4419 | D:6      | Reached skill level 5 in Short Blades
  4438 | D:6      | Noticed kraktruk's ghost (amateur DrTm)
  4445 | D:6      | Killed kraktruk's ghost
  4569 | D:6      | Reached skill level 5 in Armour
  4754 | D:7      | Reached ***** piety under Uskayaw
  4789 | D:7      | Reached ****** piety under Uskayaw
  5271 | D:7      | Reached XP level 10. HP: 37/53 MP: 8/13
  5490 | D:7      | Found a bloodstained altar of Trog.
  5492 | D:7      | Noticed a wizard
  5497 | D:7      | Killed a wizard
  5809 | D:7      | Found a radiant altar of Vehumet.
  5810 | D:7      | Found a burning altar of Makhleb.
  5888 | D:8      | Reached skill level 5 in Dodging
  5925 | D:8      | Found an opulent altar of Gozag.
  6237 | D:8      | Found an ancient bone altar of Kikubaaqudgha.
  6274 | D:8      | Found a white marble altar of Elyvilon.
  6274 | D:8      | Found a sacrificial altar of Ru.
  6275 | D:8      | Found a blossoming altar of Fedhas.
  6287 | D:8      | Identified the cursed +1 robe of the Ego {rElec Int+4 Dex+2 SInv} (You found it on level 8 of the Dungeon)
  6377 | D:8      | Noticed a two-headed ogre
  6459 | D:8      | Killed a two-headed ogre
  6528 | D:8      | Found a shadowy altar of Dithmenos.
  6532 | D:8      | Found Uzaojah's Magic Scroll Emporium.
  6536 | D:8      | Bought 3 scrolls of enchant armour for 270 gold pieces
  6536 | D:8      | Bought a scroll of teleportation for 36 gold pieces
  6536 | D:8      | Bought a scroll of magic mapping for 42 gold pieces
  6536 | D:8      | Bought a scroll of identify for 24 gold pieces
  6536 | D:8      | Bought a scroll of identify for 24 gold pieces
  6536 | D:8      | Bought a scroll of identify for 24 gold pieces
  6543 | D:8      | Gained mutation: You have a pair of small horns on your head. [potion of mutation]
  6543 | D:8      | Gained mutation: Your body sometimes deteriorates upon taking damage. [potion of mutation]
  6543 | D:8      | Gained mutation: You have sharp toenails. [potion of mutation]
  6722 | D:9      | Reached skill level 5 in Invocations
  6752 | D:9      | Found a staircase to the Lair.
  6793 | D:9      | Reached XP level 11. HP: 38/58 MP: 15/15
  7489 | D:10     | Entered Level 10 of the Dungeon
  7508 | D:10     | Killed an unseen horror
  7536 | D:10     | Noticed Nergalle
  7549 | D:10     | Killed Nergalle
  7999 | D:10     | Noticed a two-headed ogre
  8011 | D:10     | Killed a two-headed ogre
  8015 | D:10     | Noticed a two-headed ogre
  8023 | D:10     | Killed a two-headed ogre
  8073 | D:10     | Noticed a two-headed ogre
  8078 | D:10     | Killed a two-headed ogre
  8530 | D:10     | Killed from afar by a gargoyle

Vault maps used:
D:1:      ncdulo_smallfort, minmay_split_cup_large
D:2:      fountainhead, uniq_crazy_yiuf_cottage
D:3:      nicolae_overflow_crystal_walls
D:4:      kennysheep_the_goblin_king, first_bread, uniq_natasha
D:5:      grunt_temple_overflow_open, minmay_temple_entry_statues_fountains
D:6:      corexii_checkpoint_a, minmay_misc_feat_pillars,
          minmay_misc_feat_enclosed, uniq_pikel
D:7:      grunt_temple_overflow_lords_of_destruction, grunt_ogre_cave,
          grunt_ministairs_13, trog_wizard
D:8:      chequers_temple_overflow_statue_of_worship, basic_altar, serial_shops,
          nicolae_shop_behind_doors, lemuel_statue_altar
D:9:      minmay_lair_entry_grove, hangedman_glass_teeth
D:10:     serial_co_window_serial, co_window_corner_a, co_window_corner_a,
          co_window_paths_a, co_window_paths_b, co_window_of_opportunity_a,
          co_window_paths_c, co_window_of_opportunity_b, co_window_broadway_b,
          co_window_unsneaky_path_e, co_window_corner_b, co_window_corner_b,
          co_window_of_opportunity_b, glass_columns_b, glass_columns_b,
          glass_columns_a, glass_columns_c, uniq_nergalle

Skill      XL: |  1  2  3  4  5  6  7  8  9 10 11 |
---------------+----------------------------------+-----
Shields        | 3 4 5 7 |  7.9
Dodging        | 1 2 3 4 5 6 |  6.4
Short Blades   | 2 3 4 5 6 7 |  7.6
Fighting       | 3 4 5 6 7 |  7.6
Armour         | 3 4 5 6 7 |  7.0
Invocations    | 2 3 5 6 |  6.6

Action                   |  1- 3 |  4- 6 |  7- 9 | 10-12 || total
-------------------------+-------+-------+-------+-------++-------
Melee: Rapier            |    92 |    74 |       |       ||   166
       Bite              |    25 |    28 |   114 |   123 ||   290
       Short sword       |       |    60 |   399 |   395 ||   854
       Headbutt          |       |       |       |    52 ||    52
Throw: Throwing net      |       |       |     1 |       ||     1
Evoke: Wand              |       |       |       |    13 ||    13
  Use: Potion            |       |       |     2 |     6 ||     8
       Scroll            |       |       |     1 |    16 ||    17
 Stab: Paralysed         |       |       |    10 |    18 ||    28
  Eat: Chunk             |     1 |     5 |     9 |    11 ||    26
Armor: Scale mail        |    52 |    21 |       |       ||    73
       Chain mail        |       |    40 |    51 |       ||    91
       Plate armour      |       |       |    94 |   151 ||   245
Dodge: Dodged            |    27 |    25 |    74 |    86 ||   212
Block: Shield            |    48 |    65 |   185 |   187 ||   485
